 Dungeon Crawl Stone Soup version 0.19.0-11-g3fc08b3 (webtiles) character file.

688 Jerry the Sneak (level 7, -1/34 HPs)
             Began as a Vine Stalker Assassin on Nov 8, 2016.
             Slain by Menkaure (10 damage)
             ... on level 4 of the Dungeon.
             The game lasted 00:11:13 (2739 turns).

Jerry the Sneak (Vine Stalker Assassin)             Turns: 2739, Time: 00:11:13

Health: -1/34      AC:  4    Str: 15    XL:     7   Next: 62%
Magic:  0/17       EV: 17    Int: 11    God:
Gold:   150        SH:  0    Dex: 21    Spells: 0 memorised, 6 levels left

rFire  . . .     SeeInvis .     a - +2 dagger
rCold  . . .     Gourm    .     c - +0 robe
rNeg   . . .     Faith    .     (no shield)
rPois  .         Spirit   +     (no helmet)
rElec  .         Reflect  .     l - +0 cloak
rCorr  .         Harm     .     y - +0 pair of gloves
MR     .....                    (no boots)
Stlth  ++++......               (no amulet)
                                (no ring)
                                u - ring of magical power

@: agile
A: fangs 2, regeneration 1, magic shield, antimagic bite, no device heal 3, rot
immunity
a: no special abilities


You were on level 4 of the Dungeon.
You were not hungry.

You visited 1 branch of the dungeon, and saw 4 of its levels.

You collected 150 gold pieces.

Inventory:

Hand Weapons
 a - a +2 dagger (weapon)
 b - a +0 blowgun
Missiles
 e - 7 poisoned needles
Armour
 c - a +0 robe (worn)
 l - a +0 cloak (worn)
 y - a +0 pair of gloves (worn)
Jewellery
 u - a ring of magical power (left hand)
Scrolls
 i - a scroll of blinking {unknown}
 n - a scroll of enchant armour {unknown}
 o - 2 scrolls of recharging {unknown}
 p - 3 scrolls of fog {unknown}
 s - 2 scrolls of remove curse {unknown}
 t - a scroll of random uselessness {unknown}
 v - 2 scrolls of teleportation {unknown}
 x - 3 scrolls of identify {unknown}
Potions
 h - 2 potions of curing
 k - a potion of invisibility {unknown}
 m - 2 potions of beneficial mutation {unknown}
 q - a potion of lignification {unknown}
 r - a potion of degeneration {unknown}
 A - a potion of ambrosia {unknown}
 B - a potion of magic {unknown}
Comestibles
 d - a beef jerky
 g - 4 bread rations
 w - a meat ration


   Skills:
 - Level 1.7 Fighting
 + Level 4.5 Short Blades
 + Level 4.3 Throwing
 + Level 3.8 Armour
 - Level 0.7 Dodging
 - Level 4.8 Stealth


You had 6 spell levels left.
You didn't know any spells.

Dungeon Overview and Level Annotations

Branches:
Dungeon (4/15)
 Temple: D:4-7

Altars:

Shops:
D:4 *

Annotations:
D:3 Millan's ghost, amateur GrFi
D:4 Menkaure


Innate Abilities, Weirdness & Mutations

You have extremely sharp teeth.
Your natural rate of healing is unusually fast.
When hurt, damage is shared between your health and your magic reserves.
Your bite disrupts and absorbs the magic of your enemies.
Potions and wands cannot restore your health.
You are immune to rotting.


Message History

You are poisoned.
The worker ant poisons you!
Menkaure calls on the powers of darkness!
The worker ant convulses!
Your body is wracked with pain!
It was a potion of heal wounds.
That seemed strangely inert.
You feel sick. The worker ant closely misses you.
It was a potion of curing.
Your system rejects the healing.
You feel better. The worker ant barely misses you.
It was a potion of agility.
You feel agile all of a sudden. The worker ant bites you. x2
Okay, then.
You hit the worker ant.
You kill the worker ant!
Menkaure sighs a few words.
Menkaure calls on the powers of darkness!
Your body is wracked with pain!
* * * LOW HITPOINT WARNING * * *
Menkaure hits you!
You die...

#.##.#.# #.# #....#.#
#.# #[##.#.# #.#
#.####.###### #.#
#.#......p..# #..
#.#.##.####.#
#.#.##..p.#.#
#.#.#####.#.# #.#@#
#.#.# #.#M#####.#.#
#.#.......#.#
###'#####M..#.######
#........†..>........
#.....##.[......p.!..
#.....##.....########
#.....##.....#
########....p#


You could see Menkaure.

Vanquished Creatures
  Pikel (D:4)
  A slave (D:4)
  Jessica (D:2)
  Natasha (twice) (D:2)
  A worker ant (D:4)
  5 adders
  An ooze (D:3)
  5 worms
  A dart slug (D:3)
  A leopard gecko (D:4)
  5 orcs (D:3)
  5 giant cockroaches
  6 goblins
  4 hobgoblins
  2 jackals (D:2)
  6 quokkas
  5 bats
  6 frilled lizards
  7 kobolds
  12 rats
77 creatures vanquished.

Vanquished Creatures (others)
  A slave (D:4)
1 creature vanquished.

Grand Total: 78 creatures vanquished

Notes
Turn   | Place    | Note
-------+----------+-------------------------------------------
     0 | D:1      | Jerry the Vine Stalker Assassin began the quest for the Orb.
     0 | D:1      | Reached XP level 1. HP: 11/11 MP: 2/2
   119 | D:1      | Reached XP level 2. HP: 10/15 MP: 3/3
   767 | D:1      | Reached skill level 1 in Armour
   767 | D:1      | Reached XP level 3. HP: 12/18 MP: 2/4
  1672 | D:2      | Gained mutation: Your natural rate of healing is unusually fast. [Vine Stalker growth]
  1672 | D:2      | Reached XP level 4. HP: 14/23 MP: 5/5
  1832 | D:2      | Noticed Jessica
  1834 | D:2      | Noticed Natasha
  1860 | D:3      | Noticed Millan's ghost (amateur GrFi)
  1885 | D:2      | Killed Natasha
  1886 | D:2      | Killed Jessica
  1886 | D:2      | Reached XP level 5. HP: 17/26 MP: 6/6
  2143 | D:2      | Noticed Natasha
  2146 | D:2      | Killed Natasha
  2552 | D:4      | Found Rasanit's General Store.
  2553 | D:4      | Noticed Menkaure
  2603 | D:4      | Noticed Pikel
  2603 | D:4      | Noticed a slave
  2603 | D:4      | Noticed a slave
  2603 | D:4      | Noticed a slave
  2603 | D:4      | Noticed a slave
  2625 | D:4      | Killed a slave
  2631 | D:4      | Killed Pikel
  2631 | D:4      | Reached XP level 6. HP: 30/30 MP: 7/7
  2631 | D:4      | Reached XP level 7. HP: 34/34 MP: 8/8
  2739 | D:4      | Slain by Menkaure

Skill      XL: |  1  2  3  4  5 |
---------------+----------------+-----
Short Blades   | 2 3 4 |  4.5
Throwing       | 2 4 |  4.3
Armour         | 1 2 3 |  3.8
Fighting       | |  1.7
Dodging        | |  0.7
Stealth        | |  4.8

Action                   |  1- 3 |  4- 6 |  7- 9 || total
-------------------------+-------+-------+-------++-------
Melee: Dagger            |    97 |   144 |    13 ||   254
       Bite              |    20 |    27 |     3 ||    50
 Fire: Blowgun           |       |     7 |     1 ||     8
  Use: Potion            |       |       |     3 ||     3
 Stab: Sleeping          |    11 |     5 |       ||    16
       Distracted        |       |     1 |       ||     1
  Eat: Chunk             |     2 |     4 |       ||     6
Armor: Robe              |    21 |    21 |       ||    42
Dodge: Dodged            |    30 |    70 |     9 ||   109
